 Dungeon Crawl Stone Soup version 0.27-a0-1332-g84bddb5ca7 (webtiles) character file.

Game seed: 11199038992278498273

1540 lunkers the Conjurer (level 8, -2/67 HPs)
             Began as an Ogre Fire Elementalist on June 25, 2021.
             Slain by a troll (8 damage)
             ... on level 6 of the Dungeon.
             The game lasted 00:08:11 (7606 turns).

lunkers the Conjurer (Ogre Fire Elementalist)       Turns: 7606, Time: 00:08:12

Health: -2/67      AC:  6    Str: 13    XL:     8   Next: 86%
Magic:  1/17       EV:  9    Int: 18    God:
Gold:   406        SH:  0    Dex:  9    Spells: 14/19 levels left

rFire    . . .     SeeInvis .   q - staff of conjuration
rCold    . . .     Faith    .   (no shield)
rNeg     . . .     Spirit   .   a - +0 robe
rPois    .         Reflect  .   (helmet restricted)
rElec    .         Harm     .   k - +2 cloak
rCorr    .         Rampage  .   (gloves unavailable)
Will     .....                  (boots unavailable)
Stlth    +.........             (no amulet)
HPRegen  0.21/turn              (no ring)
MPRegen  0.15/turn              (no ring)

@: no status effects
A: large, unfitting armour, tough skin 1
a: no special abilities


You were on level 6 of the Dungeon.
You visited 1 branch of the dungeon, and saw 6 of its levels.

You collected 406 gold pieces.

Inventory:

Hand Weapons
 e - a +4 short sword
 n - a +2 dagger of venom
Armour
 a - a +0 robe (worn)
 k - a +2 cloak (worn)
Magical Staves
 q - a staff of conjuration (weapon)
Wands
 p - a wand of polymorph (12)
Scrolls
 b - 3 scrolls of teleportation {unknown}
 c - 7 scrolls of identify {unknown}
 d - a scroll of amnesia {unknown}
 g - a scroll of enchant weapon {unknown}
 h - a scroll of immolation {unknown}
 i - a scroll of fog {unknown}
 l - 2 scrolls of magic mapping {unknown}
 m - a scroll of holy word {unknown}
 o - a scroll of blinking {unknown}
Potions
 f - 2 potions of curing {unknown}
 j - a potion of cancellation {unknown}


   Skills:
 - Level 1.7 Dodging
 - Level 1.4 Stealth
 + Level 6.3 Spellcasting
 * Level 7.0 Conjurations
 + Level 5.6 Fire Magic


You had 14 spell levels left.
You knew the following spells:

 Your Spells              Type           Power      Damage    Failure   Level
a - Foxfire               Conj/Fire      100%       2x1d9     1%          1
b - Sticky Flame          Conj/Fire      42%        2d6       9%          4

Your spell library contained the following spells:

 Spells                   Type           Power      Damage    Failure   Level
 Conjure Flame            Conj/Fire      42%        6-21      2%          3
 Inner Flame              Hex/Fire       15%        N/A       11%         3
 Summon Small Mammal      Summ           20%        N/A       12%         1
 Call Imp                 Summ           5%         N/A       19%         2
 Fireball                 Conj/Fire      21%        3d10      24%         5
 Call Canine Familiar     Summ           5%         N/A       34%         3
 Summon Guardian Golem    Hex/Summ       5%         N/A       34%         3
 Summon Ice Beast         Ice/Summ       5%         N/A       75%         4
 Summon Lightning Spire   Summ/Air       5%         N/A       75%         4


Dungeon Overview and Level Annotations

Branches:
Dungeon (6/15)
 Temple: D:4-7

Altars:
Dithmenos
Makhleb
Nemelex Xobeh
Ru
Vehumet
Yredelemnul

Shops:
D:2 =   D:4 !!   D:5 ?


Innate Abilities, Weirdness & Mutations

You are too large for most types of armour.
You have tough skin. (AC +1)


Message History

The adder is almost dead.
The foxfire hits the adder!
You kill the adder!
Casting: Foxfire (safe; 1% risk of failure)
Confirm with . or Enter, or press ? or * to list all spells.
You feel a surge of power!
You conjure some foxfire!
* * * LOW MAGIC WARNING * * *
The foxfire hits the troll.
The troll is lightly wounded.
The foxfire hits the troll.
The troll is lightly wounded.
The troll bites you!
* * * LOW HITPOINT WARNING * * *
The troll claws you.
* * * LOW HITPOINT WARNING * * *
The troll closely misses you.
Casting: Foxfire (safe; 1% risk of failure)
Confirm with . or Enter, or press ? or * to list all spells.
You feel a surge of power!
You conjure some foxfire!
* * * LOW MAGIC WARNING * * *
The foxfire hits the troll.
The troll is moderately wounded.
The foxfire hits the troll but does no damage.
The troll is moderately wounded.
The troll bites you!
* * * LOW HITPOINT WARNING * * *
The troll claws you but does no damage. The troll barely misses you.
Casting: Foxfire (safe; 1% risk of failure)
Confirm with . or Enter, or press ? or * to list all spells.
You feel a surge of power!
You conjure some foxfire!
* * * LOW MAGIC WARNING * * *
The foxfire hits the ice beast.
The ice beast is lightly wounded.
The foxfire hits the troll!
The troll is heavily wounded.
The ice beast hits you but does no damage.
The troll bites you.
* * * LOW HITPOINT WARNING * * *
The troll claws you!
You die...

#. .: .# .# ..
.# ... ###.##
... ###....#
#.##v.Y.#'#
#..#§@T## g.
#..§.v# ..#
#.....# .#
#.....# #
#.....##
#......#####.
#
##............
####
#.............
...###
###...........


You could see a troll (ally target) and an ice beast.

Vanquished Creatures
  Prince Ribbit (D:5)
  2 water moccasins
  2 ogres
  Blork the orc (D:5)
  A bullfrog (D:6)
  4 scorpions
  2 howler monkeys
  A hound (D:6)
  A jelly (D:4)
  An orc priest (D:4)
  A gnoll shaman (D:6)
  A bullfrog skeleton (D:4)
  A centaur skeleton (D:6)
  3 iguanas
  4 orc wizards
  A killer bee zombie (D:6)
  5 adders
  An adder skeleton (D:4)
  A worm (D:4)
  3 dart slugs
  12 orcs
  4 bats
  10 endoplasms
  2 goblins (D:4)
  8 hobgoblins
  11 jackals
  2 quokkas
  5 ball pythons
  5 frilled lizards
  7 kobolds
  3 rats
106 creatures vanquished.

Vanquished Creatures (others)
  550 foxfires
550 creatures vanquished.

Grand Total: 656 creatures vanquished

Notes
Turn   | Place    | Note
-------+----------+-------------------------------------------
     0 | D:1      | lunkers the Ogre Fire Elementalist began the quest for the
                  | Orb.
     0 | D:1      | Reached XP level 1. HP: 16/16 MP: 3/3
     9 | D:1      | Reached skill level 1 in Conjurations
  1018 | D:2      | Reached XP level 2. HP: 20/24 MP: 5/5
  1164 | D:2      | Found a faded altar of an unknown god.
  1297 | D:2      | Found Qopn's Jewellery Shoppe.
  1312 | D:2      | Found a shadowy altar of Dithmenos.
  1460 | D:2      | Reached XP level 3. HP: 21/31 MP: 2/7
  1598 | D:2      | Reached skill level 2 in Conjurations
  2314 | D:2      | Reached XP level 4. HP: 33/39 MP: 0/8
  2396 | D:2      | Learned a level 4 spell: Sticky Flame
  3838 | D:3      | Found a radiant altar of Vehumet.
  3838 | D:3      | Found a sacrificial altar of Ru.
  3846 | D:3      | Found a sparkling altar of Nemelex Xobeh.
  3848 | D:3      | Found a faded altar of an unknown god.
  3850 | D:3      | Found a faded altar of an unknown god.
  4019 | D:3      | Found a basalt altar of Yredelemnul.
  4406 | D:4      | Reached skill level 3 in Conjurations
  4406 | D:4      | Reached XP level 5. HP: 19/45 MP: 4/10
  4994 | D:4      | Identified the +6 scale mail "Viuf" {rC+++ Regen+ rCorr
                  | Stlth-}
  5071 | D:4      | Found Waugg's Distillery.
  5126 | D:4      | Reached XP level 6. HP: 53/53 MP: 6/11
  5534 | D:4      | Found Xyemirch's Distillery.
  5660 | D:5      | Entered Level 5 of the Dungeon
  5660 | D:5      | Found Lipok's Magic Scroll Emporium.
  5660 | D:5      | Noticed Prince Ribbit
  5666 | D:5      | Killed Prince Ribbit
  5667 | D:5      | Reached skill level 4 in Conjurations
  5667 | D:5      | Reached XP level 7. HP: 59/59 MP: 6/13
  5966 | D:5      | Reached skill level 5 in Conjurations
  6006 | D:5      | Noticed Blork the orc
  6012 | D:5      | Killed Blork the orc
  6186 | D:5      | Reached skill level 5 in Spellcasting
  6734 | D:5      | Reached XP level 8. HP: 67/67 MP: 11/15
  6784 | D:5      | Reached skill level 6 in Conjurations
  6784 | D:5      | Reached skill level 5 in Fire Magic
  6925 | D:5      | Found a shadowy altar of Dithmenos.
  7236 | D:6      | Found a burning altar of Makhleb.
  7600 | D:6      | Noticed a troll
  7602 | D:6      | Reached skill level 7 in Conjurations
  7606 | D:6      | Slain by a troll

Illustrated notes

Levels and vault maps discovered:
D:1:      wander_arrival_peaceful_grave, layout_basic,
          chequers_serial_rivers_marsh
D:2:      layout_loops_cross, hellmonk_ecumenical_altar_pennies_from_heaven,
          serial_shops, shop, basic_altar
D:3:      layout_basic, marbit_many_paths, chequers_temple_overflow_minitemple
D:4:      layout_loops_ring, serial_shops, nicolae_take_the_stairs,
          kennysheep_little_box
D:5:      layout_gridville, lemuel_doored_altar, serial_shops,
          nicolae_stop_n_shop_1, minmay_statues_item, uniq_blork_the_orc,
          uniq_prince_ribbit1
D:6:      layout_cave_pods, lemuel_coloured_pillars_altar, minmay_joined_circles

Skill      XL: |  1  2  3  4  5  6  7  8 |
---------------+-------------------------+-----
Conjurations   | 1 2 3 4 5 7 |  7.0
Fire Magic     | 3 4 5 |  5.6
Spellcasting   | 3 4 5 6 |  6.3
Dodging        | |  1.7
Stealth        | |  1.4

Action                   |  1- 3 |  4- 6 |  7- 9 || total
-------------------------+-------+-------+-------++-------
Melee: Short sword       |    25 |    52 |       ||    77
       Dagger            |       |     3 |       ||     3
 Cast: Foxfire           |    61 |   111 |   144 ||   316
 Stab: Sleeping          |       |     2 |       ||     2
Armor: Robe              |    18 |    24 |    15 ||    57
Dodge: Dodged            |    19 |    38 |    17 ||    74

Table legend: (Time is in decaauts)
 A = Elapsed time spent in this place.
 B = Non-inter-level travel time spent in this place.
 C = Inter-level travel time spent in this place.
 D = Time resting spent in this place.
 E = Time spent auto-exploring this place.
 F = Levels seen in this place.
 G = Mean time per level.
                   A        B        C        D        E       F      G
               +--------+--------+--------+--------+--------+-----+--------+
         Total |   7619 |   7214 |    405 |    525 |   5832 |   6 | 1269.8 |
       Dungeon |   7619 |   7214 |    405 |    525 |   5832 |   6 | 1269.8 |
               +--------+--------+--------+--------+--------+-----+--------+

Top non-repeatable levels by time:
     D:3: 1810 daAuts
     D:4: 1701 daAuts
     D:2: 1390 daAuts
     D:5: 1251 daAuts
     D:1: 987 daAuts
     D:6: 477 daAuts
